 Dungeon Crawl Stone Soup version 0.30.0-15-g856e2d3f33 (webtiles) character file.

Game seed: 4275634415241857022

4867 Sobieck the Skirmisher (level 10, -4/80 HPs)
             Began as a Barachi Hunter on May 19, 2023.
             Was an Elder of Ashenzari.
             Slain by a hornet (8 damage)
             ... on level 7 of the Dungeon.
             The game lasted 00:19:59 (6608 turns).

Sobieck the Skirmisher (Barachi Hunter)             Turns: 6608, Time: 00:19:59

Health: -4/80      AC: 10    Str: 12    XL:     10   Next: 50%
Magic:  10/10      EV: 13    Int: 11    God:    Ashenzari [****..]
Gold:   541        SH:  0    Dex: 19    Spells: 10/10 levels left

rFire   . . .        a - +0 shortbow "Lashed Together" {bow, Evo, Self} (curse)
rCold   . . .        (shield currently unavailable)
rNeg    + . .        z - +1 ring mail of the Unyielding Gaze {Will+, Self, Melee} (curse)
rPois   .            k - +2 hat "Urgency of Ashenzari" {Self, Comp} (curse)
rElec   .            (no cloak)
rCorr   .            (no gloves)
SInv    +            (no boots)
Will    +....        S - amulet of the Ensconced Loss {Regen+, @e2, Range, Elem} (curse)
Stlth   ++           i - ring "Share My Egalitarianism" {rN+, Cun, Melee} (curse)
HPRegen 1.13/turn    (no ring)
MPRegen 0.12/turn

%: clarity
@: lethally poisoned (-4 -> -12), unable to hop, slowed, very slow
A: amphibious, slowness 1, strong legs 1, +LOS
a: Hop, Renounce Religion, Shatter the Chains


You were on level 7 of the Dungeon.
You worshipped Ashenzari.
Ashenzari was greatly pleased with you.
You visited 1 branch of the dungeon, and saw 8 of its levels.
You also visited: Sewer and Ossuary.

You collected 541 gold pieces.


Innate Abilities, Weirdness & Mutations

You are amphibious.
You cover ground slowly.
You can hop short distances.
You have an extended range of vision and can be seen from far away.


   Skills:
 + Level 4.6(8.0) Fighting
 - Level 14.9(16.6) Ranged Weapons
 - Level 9.0 Armour
 + Level 4.1(5.8) Dodging
 - Level 0.8(1.8) Stealth


You had 10 spell levels left.
You didn't know any spells.
Your spell library contained the following spells:

 Spells                   Type           Power      Damage    Failure   Level
 Necrotise                Necr           0%         1d4       52%         1
 Sublimation of Blood     Necr           0%         N/A       65%         2
 Frozen Ramparts          Ice            0%         1d1       87%         3
 Ozocubu's Armour         Ice            0%         N/A       87%         3
 Vampiric Draining        Necr           0%         2d6       87%         3
 Ice Form                 Ice/Tmut       0%         N/A       99%         4
 Petrify                  Tmut/Erth      0%         N/A       99%         4
 Summon Ice Beast         Ice/Summ       0%         N/A       99%         4
 Agony                    Necr           0%         N/A       100%        5
 Irradiate                Conj/Tmut      0%         3d11      100%        5
 Ozocubu's Refrigeration  Ice            0%         4d7       100%        7

Inventory:

Hand Weapons
 a - the cursed +0 shortbow "Lashed Together" (weapon) {bow, Evo, Self}

   It has a curse which improves the following skills: Evocations: Evocations.
   Introspection: Fighting and Spellcasting.
 N - the +3 falchion "Fuot" {heavy, Fly Will++ Str-4 Dex+2, long}
   (You found it on level 4 of the Dungeon)

   Str:       It affects your strength (-4).
   Dex:       It affects your dexterity (+2).
   Fly:       It grants you flight.
   Will:      It greatly increases your willpower.
 P - a +2 heavy falchion {long}
   (You took it off an orc on level 4 of the Dungeon)
Missiles
 d - 74 stones {throwing}
 p - 5 javelins {throwing}
 y - 5 boomerangs {throwing}
 A - 42 poisoned darts {throwing}
 J - 4 silver javelins {throwing}
 K - a curare-tipped dart {=fthrowing}
 R - 2 atropa-tipped darts {throwing}
 W - 6 datura-tipped darts {throwing}
Armour
 k - the cursed +2 hat "Urgency of Ashenzari" (worn) {Self, Comp}
   (You found it on level 1 of the Dungeon)

   It has a curse which improves the following skills: Introspection: Fighting
   and Spellcasting.
   Companions: Summonings and Necromancy.
 z - the cursed +1 ring mail of the Unyielding Gaze (worn) {Will+, Self, Melee}
   (You found it on level 2 of the Dungeon)

   It has a curse which improves the following skills: Introspection: Fighting
   and Spellcasting.
   Melee Combat: Short Blades, Long Blades, Axes, Maces & Flails, Polearms,
   Staves and Unarmed Combat.
 V - a +0 robe
   (You took it off an orc wizard on level 5 of the Dungeon)
Jewellery
 h - a ring of protection from cold
   (You found it on level 8 of the Dungeon)
 i - the cursed ring "Share My Egalitarianism" (left hand) {rN+, Cun, Melee}
   (You found it on level 1 of the Dungeon)

   [ring of positive energy]

   rN:        It protects you from negative energy.
   It has a curse which improves the following skills: Cunning: Dodging and
   Stealth.
   Melee Combat: Short Blades, Long Blades, Axes, Maces & Flails, Polearms,
   Staves and Unarmed Combat.
 j - a ring of fire
   (You found it on level 1 of the Dungeon)
 G - a ring of magical power
   (You found it on level 6 of the Dungeon)
 S - the cursed amulet of the Ensconced Loss (around neck) {Regen+, @e2, Range, Elem}
   (You found it on level 4 of the Dungeon)

   [amulet of regeneration]

   Regen:     It increases your rate of health regeneration.
   It has a curse which improves the following skills: Ranged Combat: Ranged
   Weapons and Throwing.
   Elements:  Fire Magic, Ice Magic, Air Magic and Earth Magic.
 U - a ring of flight
   (You found it on level 7 of the Dungeon)
Wands
 q - a wand of quicksilver (13)
   (You took it off Dowan on level 6 of the Dungeon)
 F - a wand of flame (15)
   (You found it on level 6 of the Dungeon)
 Q - a wand of digging (6)
   (You found it on level 7 of the Dungeon)
 Z - a wand of paralysis (4)
   (You found it on level 5 of the Dungeon)
Scrolls
 b - 3 scrolls of immolation {!r!r}
 c - a scroll of brand weapon
 e - 6 scrolls of identify {@r1}
 g - 4 scrolls of amnesia
 l - 3 scrolls of poison {!r}
 n - 4 scrolls of enchant weapon
 o - 2 scrolls of vulnerability {!r!r}
 r - 2 scrolls of noise {!r}
 t - a scroll of teleportation {@r4}
 x - 4 scrolls of blinking {!r}
 E - a scroll of fear
 H - a scroll of fog
 L - a scroll of magic mapping {!r}
 O - 2 scrolls of silence {!r}
 X - a scroll of butterflies
Potions
 f - 2 potions of heal wounds {@q2}
 m - 7 potions of resistance
 s - a potion of lignification {!q}
 u - 2 potions of brilliance
 v - a potion of magic
 w - 2 potions of berserk rage {!q}
 B - 3 potions of degeneration {!q@e2}
 C - 2 potions of mutation {!q}
 D - 4 potions of curing {@q1}
 I - a potion of cancellation
 M - a potion of attraction {!q}
 T - 3 potions of might
 Y - a potion of ambrosia

Dungeon Overview and Level Annotations

Branches:
Dungeon (8/15) Zot: 26763  Temple (0/1) D:5           Sewer (visited)
Ossuary (visited)
   Lair: D:8-11

Altars:
Ashenzari
Hepliaklqana
Wu Jian
Xom
The Shining One

Shops:
D:5 ?   D:7 *

Annotations:
D:3 2 runed translucent doors, avangion's ghost, amateur GrCj

.###....####..........# #.#
...'....'.........)...# #.#
'###....######..)...).#####.#
..######..............'.....#
..######.#####........#######
.......#.#...#..............#
'#####.#.#.#.##############.#
.#####.#.#....c#### #.#
.............>oy@.# #.#
'#####.#.......o#.# #.# ...#
#......#...#.# #.# ...#
###........#.# #.# ...#
#.####.#.#.# #.# ...#
#.#....#)#.# #.# ...#
#.#.##.#.#.# #.#
...#####.#....).#.# #.#
......##.#<.#.....# #.#


You could see a hornet, an orc warrior, a centaur and an orc priest.


Message History

Unknown command.
The orc warrior hits you with a +0 dire flail!
You shoot an arrow. The arrow hits the orc priest!
The orc warrior hits you with a +0 dire flail.
The orc priest closely misses you.
Unknown command.
The centaur shoots an arrow.
The arrow hits you. The orc warrior barely misses you.
The orc priest misses you. The centaur attacks as you move away!
The centaur unwields a +0 shortbow.
The centaur closely misses you. The centaur barely misses you.
The hornet stings you but does no damage.
The orc priest hits you with a +0 dagger.
The hornet barely misses you.
The centaur hits you but does no damage.
The centaur kicks you but does no damage.
There is a stone staircase leading up, spattered with blood here.
Unknown command.
Unknown command.
The orc warrior hits you with a +0 dire flail!
The orc priest barely misses you. The hornet stings you.
* * * LOW HITPOINT WARNING * * *
You feel yourself slow down. The centaur barely misses you.
The centaur kicks you but does no damage.
You climb upwards.
There is a stone staircase leading down, spattered with blood here.
Unknown command.
Unknown command.
Unknown command.
You feel yourself speed up. The hornet stings you.
* * * LOW HITPOINT WARNING * * *
You are poisoned.
You feel yourself slow down. The centaur hits you.
* * * LOW HITPOINT WARNING * * *
The centaur kicks you but does no damage.
The orc warrior hits you with a +0 dire flail!
* * * LOW HITPOINT WARNING * * *
The orc priest hits you with a +0 dagger.
* * * LOW HITPOINT WARNING * * *
The hornet barely misses you. The centaur misses you.
The centaur kicks you but does no damage.
The orc warrior misses you. The orc priest completely misses you.
The hornet stings you.
* * * LOW HITPOINT WARNING * * *
You feel as though you will be slow longer.
The centaur closely misses you. x2
You feel very sick. The hornet misses you. The centaur hits you.
* * * LOW HITPOINT WARNING * * *
The centaur kicks you but does no damage.
The hornet misses you. The centaur hits you.
* * * LOW HITPOINT WARNING * * *
The centaur barely misses you.
The orc priest invokes the aid of Beogh against you.
Beogh smites you!
* * * LOW HITPOINT WARNING * * *
The hornet misses you.
Unknown command.
You feel much better.
You feel very sick. The centaur barely misses you.
The centaur kicks you but does no damage.
The hornet misses you. The centaur hits you.
* * * LOW HITPOINT WARNING * * *
The centaur misses you. The orc warrior barely misses you.
The orc priest looks encouraged for a moment.
The hornet closely misses you. The centaur hits you.
* * * LOW HITPOINT WARNING * * *
The centaur closely misses you.
The orc warrior hits you with a +0 dire flail!
* * * LOW HITPOINT WARNING * * *
Unknown command.
Okay, then.
Unknown command.
You feel much better.
You feel sick. The hornet stings you.
* * * LOW HITPOINT WARNING * * *
You are more poisoned.
You feel as though you will be slow longer.
The centaur misses you.
The centaur kicks you but does no damage.
The orc warrior barely misses you. The hornet stings you!
* * * LOW HITPOINT WARNING * * *
You feel as though you will be slow longer.
The orc priest barely misses you. The centaur barely misses you.
The centaur closely misses you. The centaur attacks as you move away!
The centaur hits you.
* * * LOW HITPOINT WARNING * * *
The centaur kicks you but does no damage.
The orc priest attacks as you move away!
The orc priest closely misses you. The hornet attacks as you move away!
The hornet stings you!
* * * LOW HITPOINT WARNING * * *
You are lethally poisoned!
You feel as though you will be slow longer.
* * * LOW HITPOINT WARNING * * *
You feel extremely sick. The orc warrior closely misses you.
The hornet stings you!
You die...

Skill      XL: |  1  2  3  4  5  6  7  8  9 10 |
---------------+-------------------------------+-----
Ranged Weapons | 5 7 8 14 | 14.9
Armour         | 2 4 8 9 |  9.0
Fighting       | 4 |  4.6
Dodging        | 4 |  4.1
Stealth        | |  0.8

Action                     |  1- 3 |  4- 6 |  7- 9 | 10-12 || total
---------------------------+-------+-------+-------+-------++-------
   Fire: Shortbow          |    89 |    45 |   525 |   219 ||   878
 Invoke: Curse Item        |     1 |       |     3 |     1 ||     5
Ability: Hop               |     2 |     1 |     4 |     2 ||     9
    Use: Potion            |       |       |     1 |     3 ||     4
         Scroll            |       |       |     1 |       ||     1
 Armour: Leather armour    |     1 |       |       |       ||     1
         Ring mail         |     1 |     7 |    76 |    31 ||   115
  Dodge: Dodged            |     8 |     9 |   110 |    89 ||   216

Levels and vault maps discovered:
D:1:      lightli_arrival_maybe_door_vault, layout_rooms,
          hellmonk_ecumenical_altar_zigzags
D:2:      layout_basic
D:3:      layout_rooms, nicolae_hepliaklqana_monster_ancestors,
          lemuel_tele_altar, ebering_ghost_disaster_area, minmay_misc_feat_room,
          uniq_grinder, uniq_sigmund
D:4:      layout_gridville, mainiacjoe_overflow_six_doors_small
D:5:      layout_basic, minmay_temple_entry_offerings, serial_shops, shop,
          cheibrodos_sewer_entry_drain, kennysheep_nub
D:6:      layout_rooms, chequers_ossuary_entry_cave, guppyfry_early_elven_hall,
          uniq_duvessa
D:7:      layout_basic, overflow_temple_1_default, serial_shops, shop
D:8:      layout_rooms, mainiacjoe_overflow_tiny_flanked, uniq_pikel

Notes
Turn   | Place    | Note
-------+----------+-------------------------------------------
     0 | D:1      | Sobieck the Barachi Hunter began the quest for the Orb.
     0 | D:1      | Reached XP level 1. HP: 17/17 MP: 1/1
   149 | D:1      | Found a faded altar of an unknown god.
   159 | D:1      | Reached XP level 2. HP: 23/23 MP: 2/2
   166 | D:1      | Prayed at the altar of an unknown god.
   166 | D:1      | Became a worshipper of Ashenzari the Shackled
   803 | D:2      | Reached skill level 5 in Ranged Weapons
   803 | D:2      | Reached XP level 3. HP: 22/28 MP: 3/3
  1135 | D:2      | You pick up a book of Alchemy and begin reading...
  1135 | D:2      | You add the spells Sublimation of Blood, Petrify and
                  | Irradiate to your library.
  1325 | D:3      | Noticed Grinder
  1328 | D:3      | Paralysed by Grinder for 4 turns
  1357 | D:3      | Killed Grinder
  1358 | D:3      | Reached skill level 7 in Ranged Weapons
  1358 | D:3      | Reached XP level 4. HP: 29/34 MP: 4/4
  1358 | D:3      | Reached XP level 5. HP: 34/39 MP: 5/5
  1358 | D:3      | Reached XP level 6. HP: 40/46 MP: 6/6
  1421 | D:3      | You pick up a book of Rime and begin reading...
  1421 | D:3      | You add the spells Frozen Ramparts, Ice Form and Summon Ice
                  | Beast to your library.
  1582 | D:3      | Noticed Sigmund
  1599 | D:3      | Killed Sigmund
  1600 | D:3      | Reached skill level 8 in Ranged Weapons
  1600 | D:3      | Reached XP level 7. HP: 26/51 MP: 7/7
  1807 | D:3      | Found a large runed translucent door.
  1808 | D:3      | Found a large runed translucent door.
  1811 | D:3      | Noticed avangion's ghost (amateur GrCj)
  1886 | D:3      | Found an ornate altar of the Wu Jian Council.
  1984 | D:3      | Found a hazy altar of Hepliaklqana.
  2189 | D:4      | Reached skill level 1 in Armour
  2315 | D:4      | Reached skill level 2 in Armour
  2361 | D:4      | Found a shimmering altar of Xom.
  2579 | D:4      | Reached * piety under Ashenzari
  2579 | D:4      | Identified a potion of experience
  2580 | D:4      | Reached skill level 14 in Ranged Weapons
  2580 | D:4      | Reached XP level 8. HP: 58/58 MP: 8/8
  2757 | D:4      | Identified the +3 falchion "Fuot" {heavy, Fly Will++ Str-4
                  | Dex+2}
  2805 | D:4      | Reached skill level 3 in Armour
  2818 | D:5      | Entered Level 5 of the Dungeon
  3030 | D:5      | Found a glowing drain.
  3045 | Sewer    | Entered a sewer
  3065 | Sewer    | Reached ** piety under Ashenzari
  3287 | Sewer    | Reached skill level 4 in Armour
  3452 | D:5      | Found a staircase to the Ecumenical Temple.
  3459 | D:5      | You add the spells Ozocubu's Armour and Ozocubu's
                  | Refrigeration to your library.
  3494 | D:5      | Reached XP level 9. HP: 48/64 MP: 9/9
  3575 | D:5      | Reached skill level 5 in Armour
  3855 | D:5      | Found Cyur's Magic Scroll Boutique.
  4308 | D:5      | Reached skill level 6 in Armour
  4427 | D:6      | Found a sand-covered staircase.
  4441 | Ossuary  | Entered an ossuary
  4744 | Ossuary  | Reached skill level 7 in Armour
  5040 | D:6      | Noticed Dowan
  5040 | D:6      | Noticed Duvessa
  5048 | D:6      | Reached skill level 8 in Armour
  5071 | D:6      | Killed Duvessa
  5079 | D:6      | Killed Dowan
  5080 | D:6      | Reached XP level 10. HP: 56/71 MP: 10/10
  5297 | D:6      | Noticed a deep elf pyromancer
  5307 | D:6      | Killed a deep elf pyromancer
  5308 | D:6      | Reached skill level 9 in Armour
  5308 | D:6      | Reached skill level 3 in Fighting
  5448 | D:7      | Reached skill level 3 in Dodging
  5698 | D:7      | Found a glowing golden altar of the Shining One.
  5794 | D:7      | You pick up a book of Necromancy and begin reading...
  5794 | D:7      | You add the spells Necrotise, Vampiric Draining and Agony
                  | to your library.
  5940 | D:7      | Reached *** piety under Ashenzari
  5940 | D:7      | Reached **** piety under Ashenzari
  6163 | D:7      | Found Wingicw's Assorted Antiques.
  6430 | D:8      | Noticed Pikel
  6475 | D:7      | Killed Pikel
  6476 | D:7      | Reached skill level 4 in Fighting
  6476 | D:7      | Reached skill level 4 in Dodging
  6590 | D:8      | Paralysed by a hornet for 3 turns
  6605 | D:7      | HP: 18/80 [centaur (4)]
  6605 | D:7      | HP: 6/80 [orc priest/divine providence (12)]
  6608 | D:7      | Slain by a hornet

Vanquished Creatures
  Pikel (D:7)
  A deep elf pyromancer (D:6)
  Grinder (D:3)
  Sigmund (D:3)
  A wyvern (D:6)
  Duvessa (D:6)
  A black bear (D:4)
  3 ogres
  A centaur (D:5)
  A lemure (D:7)
  A phantom (D:5)
  3 kobold brigands
  3 elf zombies (Ossuary)
  5 bullfrogs
  4 scorpions
  5 wights (D:5)
  Dowan (D:6)
  A killer bee (D:7)
  3 howler monkeys
  A centaur zombie (Ossuary)
  5 orc priests
  A gnoll bouda (D:7)
  3 hounds
  2 sleepcaps
  6 orc wizards
  An iguana (D:7)
  2 mummies (Ossuary)
  4 gnolls (D:7)
  12 adders
  A shadow imp (D:7)
  A worm (D:3)
  2 dart slugs
  22 orcs
  12 endoplasms
  8 giant cockroaches
  6 goblins
  7 hobgoblins
  12 quokkas
  14 ball pythons
  2 bats
  7 frilled lizards
  A goblin zombie (Ossuary)
  14 hobgoblin zombies (Ossuary)
  14 kobolds
  8 kobold zombies (Ossuary)
  7 orc zombies (Ossuary)
  3 rats
  3 rat zombies (Ossuary)
  A spectral orc (D:3)
220 creatures vanquished.

Table legend:
 A = Non-vault XP
 B = Vault XP
 C = Vault XP percentage of total XP
 D = Non-vault monster count
 E = Vault monster count
 F = Vault count percentage of total count
                 A         B        C        D         E       F
            +---------+---------+-------+---------+---------+-------
      Total |    3444 |    2614 |  43.1 |     130 |      89 |  40.6
            +---------+---------+-------+---------+---------+-------
        D:1 |      20 |       0 |   0.0 |      11 |       0 |   0.0
        D:2 |      44 |       0 |   0.0 |      13 |       0 |   0.0
        D:3 |      82 |     507 |  86.1 |      15 |       4 |  21.1
        D:4 |     337 |       0 |   0.0 |      16 |       0 |   0.0
        D:5 |    1287 |       4 |   0.3 |      30 |       3 |   9.1
        D:6 |     733 |     811 |  52.5 |       8 |       3 |  27.3
        D:7 |     710 |     607 |  46.1 |      29 |       1 |   3.3
        D:8 |     231 |       0 |   0.0 |       8 |       0 |   0.0
      Sewer |       0 |     273 | 100.0 |       0 |      39 | 100.0
    Ossuary |       0 |     412 | 100.0 |       0 |      39 | 100.0
            +---------+---------+-------+---------+---------+-------

Skill      XL: |  1  2  3  4  5  6  7  8  9 10 |
---------------+-------------------------------+-----
Ranged Weapons | 5 7 8 14 | 14.9
Armour         | 2 4 8 9 |  9.0
Fighting       | 4 |  4.6
Dodging        | 4 |  4.1
Stealth        | |  0.8

Action                     |  1- 3 |  4- 6 |  7- 9 | 10-12 || total
---------------------------+-------+-------+-------+-------++-------
   Fire: Shortbow          |    89 |    45 |   525 |   219 ||   878
 Invoke: Curse Item        |     1 |       |     3 |     1 ||     5
Ability: Hop               |     2 |     1 |     4 |     2 ||     9
    Use: Potion            |       |       |     1 |     3 ||     4
         Scroll            |       |       |     1 |       ||     1
 Armour: Leather armour    |     1 |       |       |       ||     1
         Ring mail         |     1 |     7 |    76 |    31 ||   115
  Dodge: Dodged            |     8 |     9 |   110 |    89 ||   216

Illustrated notes

Table legend:
 A = Kills in this place as a percentage of kills in the entire game.
 B = Kills by you in this place as a percentage of kills by you in the entire game.
 C = Kills by friends in this place as a percentage of kills by friends in the entire game.
 D = Other kills in this place as a percentage of other kills in the entire game.
 E = Experience gained in this place as a percentage of experience gained in the entire game.
 F = Experience gained in this place divided by the number of levels of this place that you have seen.
                   A       B       C       D       E      F
               +-------+-------+-------+-------+-------+----------------------
         Total | 100.0 | 100.0 |   N/A |   N/A | 100.0 | 605.8
       Dungeon |  64.4 |  64.4 |   N/A |   N/A |  88.7 | 671.6
         Sewer |  17.8 |  17.8 |   N/A |   N/A |   4.5 | 273.0
       Ossuary |  17.8 |  17.8 |   N/A |   N/A |   6.8 | 412.0
               +-------+-------+-------+-------+-------+----------------------

Table legend: (Time is in decaauts)
 A = Elapsed time spent in this place.
 B = Non-inter-level travel time spent in this place.
 C = Inter-level travel time spent in this place.
 D = Time resting spent in this place.
 E = Time spent auto-exploring this place.
 F = Levels seen in this place.
 G = Mean time per level.
                   A        B        C        D        E       F      G
               +--------+--------+--------+--------+--------+-----+--------+
         Total |   7496 |   7093 |    403 |    324 |   5116 |  10 |  749.6 |
       Dungeon |   6605 |   6202 |    403 |    218 |   4729 |   8 |  825.6 |
         Sewer |    429 |    429 |      0 |      0 |    275 |   1 |  429.0 |
       Ossuary |    461 |    461 |      0 |    106 |    111 |   1 |  461.0 |
               +--------+--------+--------+--------+--------+-----+--------+

Top non-repeatable levels by time:
     D:5: 1216 daAuts
     D:7: 1156 daAuts
     D:4: 962 daAuts
     D:3: 941 daAuts
     D:2: 918 daAuts
     D:6: 673 daAuts
     D:1: 582 daAuts
 Ossuary: 461 daAuts
   Sewer: 429 daAuts
     D:8: 154 daAuts
